 Dungeon Crawl Stone Soup version 0.27-a0-1217-g8a41f320e8 (webtiles) character file.

Game seed: 7566450017341306665

20009 Delamore the Slinger (level 13, -13/96 HPs)
             Began as a Formicid Hunter on June 6, 2021.
             Was a High Priest of Okawaru.
             Mangled by Rupert
             ... wielding a +4 vorpal great mace
              (22 damage)
             ... on level 12 of the Dungeon.
             The game lasted 00:27:20 (17276 turns).

Delamore the Slinger (Formicid Hunter)             Turns: 17276, Time: 00:27:21

Health: -13/96     AC: 19    Str: 21    XL:     13   Next: 9%
Magic:  13/13      EV: 10    Int: 12    God:    Okawaru [*****.]
Gold:   1013       SH:  7    Dex: 11    Spells: 12/12 levels left

rFire    + + +     SeeInvis +   E - +1 lajatang (spect)
rCold    + . .     Faith    .   m - +0 kite shield
rNeg     . . .     Spirit   .   o - +3 leather armour {rF+}
rPois    .         Reflect  .   (helmet unavailable)
rElec    .         Harm     .   P - scarf {rC+ rF+}
rCorr    .         Rampage  .   K - +0 pair of gloves "Goky" {rF+}
Will     +....                  y - +2 pair of boots {Stlth+}
Stlth    +++.......             N - amulet of regeneration
HPRegen  1.26/turn              u - ring of the Tortoise {AC+8}
MPRegen  0.13/turn              I - ring of protection from fire

@: no status effects
A: permanent stasis, dig shafts and tunnels, antennae 3, four strong arms
a: Dig, Shaft Self, Renounce Religion, Heroism, Finesse


You were on level 12 of the Dungeon.
You worshipped Okawaru.
Okawaru was extremely pleased with you.
You visited 1 branch of the dungeon, and saw 12 of its levels.
You also visited: Bailey.

You collected 1241 gold pieces.
You spent 228 gold pieces at shops.

Inventory:

Hand Weapons
 b - a +3 hunting sling of freezing
 l - a +6 vorpal hunting sling
 E - a +1 spectral lajatang (weapon)
Missiles
 e - 84 stones
 t - 15 boomerangs of dispersal
 D - 40 boomerangs
 G - 104 sling bullets
 J - 41 poisoned darts (quivered)
Armour
 f - a +3 leather armour of cold resistance
 m - a +0 kite shield (worn)
 o - a +3 leather armour of fire resistance (worn)
 y - a +2 pair of boots of stealth (worn)
 K - the +0 pair of gloves "Goky" (worn) {rF+}
   (Okawaru gifted it to you on level 11 of the Dungeon)

   It protects you from fire.
 P - a scarf of resistance (worn)
Jewellery
 a - a ring of resist corrosion
 u - the ring of the Tortoise (left hand) {AC+8}
   (You found it on level 4 of the Dungeon)

   [ring of protection]

   It affects your AC (+8).
 z - a ring of willpower
 B - an amulet of reflection
 I - a ring of protection from fire (right hand)
 N - an amulet of regeneration (around neck)
Wands
 h - a wand of charming (18)
 w - a wand of paralysis (5)
 M - a wand of flame (24)
 Q - a wand of iceblast (6)
 S - a wand of acid (8)
Scrolls
 d - 5 scrolls of identify
 v - a scroll of enchant weapon
 x - 4 scrolls of fog
 C - 2 scrolls of blinking
 F - 4 scrolls of magic mapping
 L - 3 scrolls of immolation
 O - a scroll of fear
 R - a scroll of torment
Potions
 c - 2 potions of might
 g - 3 potions of flight
 i - a potion of haste
 j - 3 potions of magic
 k - 5 potions of ambrosia
 n - 2 potions of lignification
 p - 7 potions of curing
 q - 5 potions of attraction
 s - 3 potions of resistance
 A - 3 potions of mutation
 H - 2 potions of brilliance


   Skills:
 - Level 7.2 Fighting
 + Level 7.2 Staves
 - Level 13.4(14.2) Slings
 + Level 7.7(11.1) Throwing
 - Level 5.0 Armour
 - Level 5.0 Dodging
 - Level 5.0 Stealth
 + Level 9.5 Evocations


You had 12 spell levels left.
You didn't know any spells.
Your spell library contained the following spells:

 Spells                   Type           Power      Damage    Failure   Level
 Animate Skeleton         Necr           0%         N/A       95%         1
 Pain                     Necr           0%         1d4       95%         1
 Poisonous Vapours        Pois/Air       0%         N/A       99%         2
 Sublimation of Blood     Necr           0%         N/A       99%         2
 Conjure Flame            Conj/Fire      0%         6-21      100%        3
 Mephitic Cloud           Conj/Pois/Air  0%         N/A       100%        3
 Vampiric Draining        Necr           0%         2d6       100%        3
 Animate Dead             Necr           0%         N/A       100%        4
 Dispel Undead            Necr           0%         3d6       100%        4
 Borgnjor's Vile Clutch   Necr/Erth      0%         N/A       100%        5
 Death Channel            Necr           0%         N/A       100%        6
 Freezing Cloud           Conj/Ice/Air   0%         6-21      100%        6
 Simulacrum               Ice/Necr       0%         N/A       100%        6


Dungeon Overview and Level Annotations

Branches:
Dungeon (12/15)            Temple (0/1) D:7            Lair (0/6) D:10
    Orc (0/2) D:12         Bailey (visited)

Altars:
Elyvilon
Gozag
Kikubaaqudgha
Nemelex Xobeh
Okawaru
Ru
Sif Muna
Trog
Wu Jian
Yredelemnul
Zin
The Shining One

Shops:
D:6 !   D:11 (

Portals:
Abyss: D:3

Annotations:
D:3 2 transporters, Gilette's ghost, amateur GrMo
D:12 Rupert


Innate Abilities, Weirdness & Mutations

You cannot be hasted, slowed, berserked, paralysed or teleported.
You can dig through walls and to a lower floor.
You have a pair of large antennae on your head. (SInv)
Your four strong arms can wield two-handed weapons with a shield.


Message History

You are too injured to fight recklessly!
You hit the skeletal warrior.
The skeletal warrior is lightly damaged.
Your spectral weapon hits the skeletal warrior but does no damage.
The skeletal warrior hits you with a +0 dire flail!
You slash the skeletal warrior!
The skeletal warrior is moderately damaged.
Your spectral weapon hits the skeletal warrior!!
The skeletal warrior hits you but does no damage.
The skeletal warrior hits you with a +0 dire flail!!
* * * LOW HITPOINT WARNING * * *
An orc zombie comes into view.
The orc zombie moves out of view.
Rupert shouts!
Rupert yells loudly at you.
You are confused.
The skeletal warrior hits you with a +0 dire flail!
* * * LOW HITPOINT WARNING * * *
The skeletal warrior completely misses you.
You feel less confused.
Rupert roars madly and goes into a rage!
Rupert goes berserk!
You block the skeletal warrior's attack.
Found 16 poisoned darts.
Rupert rages.
Aiming: Paralyse
Press: ? - help, Shift-Dir - straight line, f - Rupert
Aim: Rupert, wielding a +4 vorpal great mace and wearing a +0 chain mail (berserk, chance to affect: 10%)
Okay, then.
Okay, then.
You feel much better.
Rupert hits you with a +4 vorpal great mace!!
Rupert hits you with a +4 vorpal great mace!!
* * * LOW HITPOINT WARNING * * *
x2
Found a stone staircase leading down.
You feel much better.
Rupert hits you with a +4 vorpal great mace!!
* * * LOW HITPOINT WARNING * * *
x2 Rupert hits you with a +4 vorpal great mace!!
You die...

.................................
Z...###......................#...
............####.......<.....#(..
....#...... ..#..................
........... ....................
.......... #.#..............##
#.........>. #.................#
#.............#..z...............
................@@..Z......>.....
........#......##................
.......# ..................#.....
....... ..................#....#
..... ....(...........#..#....
..... .....##.##......#.......
... ...###.......##.#.....## ...
{{.........#.#.......##
###...............#


You could see Rupert (berserk), a skeletal warrior and an orc zombie.

Vanquished Creatures
  A hydra (D:11)
  4 two-headed ogres
  2 skeletal warriors (D:12)
  A manticore (D:11)
  2 cyclopes (D:11)
  Joseph (D:10)
  Maggie (D:8)
  A gargoyle (D:11)
  A kobold demonologist (D:11)
  2 unseen horrors
  A hellwing (D:9)
  A harpy zombie (D:9)
  A hydra zombie (D:7)
  Prince Ribbit (D:5)
  2 hornets
  A hydra skeleton (D:11)
  2 trolls
  2 meliai zombies
  A fire dragon zombie (D:10)
  2 shadows (D:11)
  2 wraiths
  2 vampires
  5 yaks
  2 steam dragons
  5 vampire mosquitoes
  A human zombie (D:11)
  A water moccasin (D:7)
  3 acid dragons
  An ogre skeleton (D:11)
  Duvessa (D:5)
  3 hornet zombies
  An ice beast (D:7)
  3 sky beasts
  8 orc warriors
  6 necrophages
  2 ogres
  2 wolves (D:10)
  A manticore skeleton (D:11)
  6 centaurs
  3 kobold brigands
  A phantom (D:5)
  Blork the orc (D:4)
  3 gnoll sergeants
  2 bullfrogs (D:7)
  A scorpion (D:6)
  2 cyclops zombies (D:8)
  A wyvern skeleton (D:6)
  A cyclops skeleton (D:10)
  Dowan (D:5)
  9 killer bees (D:9)
  An electric eel (D:10)
  A troll skeleton (D:10)
  4 wights
  8 centaur zombies
  A kobold zombie (D:11)
  A wolf skeleton (D:10)
  7 jellies
  9 hounds
  A black bear zombie (D:9)
  5 orc priests
  Crazy Yiuf (D:4)
  A gnoll shaman (D:7)
  3 iguanas
  A basilisk zombie (D:7)
  2 bullfrog skeletons
  Jessica (D:3)
  2 centaur skeletons
  Natasha (twice) (D:3)
  14 orc wizards
  A killer bee zombie (D:9)
  An ogre zombie (D:12)
  2 hound skeletons
  A howler monkey zombie (D:11)
  22 gnolls
  2 howler monkey skeletons
  7 adders
  4 shadow imps (D:9)
  A white imp (D:5)
  An adder zombie (D:11)
  2 adder skeletons
  A worm (D:2)
  4 dart slugs
  22 orcs
  A ball python (D:4)
  2 bat skeletons
  A bat zombie (D:9)
  16 endoplasms
  5 giant cockroaches
  8 goblins
  8 hobgoblins
  11 jackals
  42 kobolds
  A quokka (D:4)
  A ball python skeleton (D:10)
  5 bats
  A dart slug zombie (D:7)
  4 frilled lizards
  2 frilled lizard skeletons
  A gnoll zombie (D:11)
  A goblin skeleton (D:11)
  A hobgoblin skeleton (D:12)
  2 hobgoblin zombies
  3 orc zombies
  A quokka zombie (D:9)
  4 rats
  3 rat zombies
370 creatures vanquished.

Vanquished Creatures (others)
  4 fungi (D:4)
  10 toadstools (D:4)
  12 withered plants (D:9)
26 creatures vanquished.

Grand Total: 396 creatures vanquished

Notes
Turn   | Place    | Note
-------+----------+-------------------------------------------
     0 | D:1      | Delamore the Formicid Hunter began the quest for the Orb.
     0 | D:1      | Reached XP level 1. HP: 16/16 MP: 1/1
   139 | D:1      | Reached XP level 2. HP: 21/22 MP: 2/2
   210 | D:1      | Reached skill level 5 in Slings
   330 | D:1      | Reached XP level 3. HP: 27/27 MP: 3/3
   391 | D:1      | Found a faded altar of an unknown god.
   646 | D:1      | Became a worshipper of Kikubaaqudgha
   646 | D:1      | Reached * piety under Kikubaaqudgha
   646 | D:1      | Identified Kikubaaqudgha's Almanac of Black Magic
                  | (Kikubaaqudgha gifted it to you on level 1 of the Dungeon)
   646 | D:1      | Received a gift from Kikubaaqudgha
  1163 | D:2      | Reached skill level 6 in Slings
  1163 | D:2      | Reached XP level 4. HP: 33/33 MP: 4/4
  1694 | D:2      | Reached XP level 5. HP: 38/38 MP: 5/5
  1850 | D:3      | Found a transporter.
  1861 | D:3      | Found a one-way gate to the infinite horrors of the Abyss.
  1861 | D:3      | Noticed Gilette's ghost (amateur GrMo)
  1937 | D:3      | Noticed a small abomination
  1940 | D:3      | Found a transporter.
  2114 | D:3      | Noticed Jessica
  2120 | D:3      | Killed Jessica
  2175 | D:3      | Noticed Natasha
  2186 | D:3      | Killed Natasha
  2187 | D:3      | Reached skill level 7 in Slings
  2329 | D:3      | Reached XP level 6. HP: 44/44 MP: 6/6
  2688 | D:3      | Noticed Natasha
  2696 | D:3      | Killed Natasha
  2910 | D:4      | Noticed a necrophage
  2924 | D:3      | Killed a necrophage
  3163 | D:4      | Found a large runed translucent door.
  3164 | D:4      | Found a large runed translucent door.
  3178 | D:4      | Found the ring of the Tortoise {AC+8}
  3226 | D:4      | Noticed Blork the orc
  3248 | D:4      | Killed Blork the orc
  3249 | D:4      | Reached XP level 7. HP: 39/50 MP: 7/7
  3355 | D:4      | Reached ** piety under Kikubaaqudgha
  3528 | D:4      | Reached skill level 8 in Slings
  3528 | D:4      | Reached skill level 5 in Stealth
  3970 | D:4      | Reached skill level 9 in Slings
  4091 | D:4      | Reached XP level 8. HP: 56/56 MP: 8/8
  4128 | D:4      | Found a runed translucent door.
  4129 | D:4      | Noticed Crazy Yiuf
  4471 | D:4      | Found a glowing silver altar of Zin.
  4591 | D:4      | Found a bloodstained altar of Trog.
  4661 | D:4      | Found a shimmering blue altar of Sif Muna.
  4667 | D:4      | Found a white marble altar of Elyvilon.
  4807 | D:4      | Killed Crazy Yiuf
  5025 | D:5      | Entered Level 5 of the Dungeon
  5046 | D:5      | Reached skill level 10 in Slings
  5072 | D:5      | Noticed Prince Ribbit
  5098 | D:5      | Killed Prince Ribbit
  5099 | D:5      | Reached skill level 1 in Evocations
  5143 | D:5      | Noticed Dowan
  5154 | D:5      | Killed Dowan
  5155 | D:5      | Noticed Duvessa
  5178 | D:5      | Killed Duvessa
  5364 | D:5      | Reached XP level 9. HP: 63/65 MP: 9/9
  5955 | D:5      | Reached skill level 11 in Slings
  6146 | D:5      | Reached *** piety under Kikubaaqudgha
  6146 | D:5      | Identified Kikubaaqudgha's Reference Book on Evil Magic
                  | (Kikubaaqudgha gifted it to you on level 5 of the Dungeon)
  6146 | D:5      | Received a gift from Kikubaaqudgha
  6148 | D:5      | Reached skill level 5 in Fighting
  6701 | D:6      | Reached skill level 1 in Armour
  6701 | D:6      | Reached skill level 5 in Evocations
  6967 | D:6      | Found Caguq's Distillery.
  6980 | D:6      | Bought 2 potions of heal wounds for 120 gold pieces
  6980 | D:6      | Bought 2 potions of curing for 72 gold pieces
  6980 | D:6      | Bought a potion of curing for 36 gold pieces
  7137 | D:6      | Reached XP level 10. HP: 74/74 MP: 10/10
  7350 | D:6      | Found an iron altar of Okawaru.
  7502 | D:6      | Fell from the grace of Kikubaaqudgha
  7502 | D:6      | Became a worshipper of Warmaster Okawaru
  7582 | D:7      | Found a sacrificial altar of Ru.
  8403 | D:7      | Reached skill level 12 in Slings
  8485 | D:7      | Reached * piety under Okawaru
  8524 | D:7      | Found a basalt altar of Yredelemnul.
  8605 | D:7      | Found a staircase to the Ecumenical Temple.
  8989 | D:7      | Found an ornate altar of the Wu Jian Council.
  9069 | D:7      | Reached skill level 5 in Armour
  9696 | D:7      | Reached skill level 5 in Dodging
  9904 | D:8      | Noticed a two-headed ogre
  9929 | D:8      | Killed a two-headed ogre
  9929 | D:8      | Reached ** piety under Okawaru
 10310 | D:8      | Noticed Maggie
 10328 | D:8      | Killed Maggie
 10328 | D:8      | Reached *** piety under Okawaru
 10329 | D:8      | Reached XP level 11. HP: 83/83 MP: 11/11
 11577 | D:9      | Found a flagged portal.
 11609 | Bailey   | Entered a bailey
 11905 | Bailey   | Reached skill level 1 in Throwing
 11975 | Bailey   | Found a burning altar of Makhleb.
 12087 | D:9      | Found a sparkling altar of Nemelex Xobeh.
 12183 | D:9      | Reached skill level 13 in Slings
 12842 | D:9      | Reached skill level 1 in Staves
 12853 | D:9      | Found an opulent altar of Gozag.
 12857 | D:9      | Found a glowing golden altar of the Shining One.
 12894 | D:9      | Received a gift from Okawaru
 13114 | D:9      | Reached **** piety under Okawaru
 13205 | D:9      | Received a gift from Okawaru
 13650 | D:9      | Noticed a two-headed ogre
 13802 | D:9      | Killed a two-headed ogre
 14126 | D:10     | Entered Level 10 of the Dungeon
 14160 | D:10     | Noticed a two-headed ogre
 14174 | D:10     | Killed a two-headed ogre
 14174 | D:10     | Received a gift from Okawaru
 14191 | D:10     | Reached XP level 12. HP: 91/91 MP: 12/12
 14850 | D:10     | Identified a scroll of acquirement
 14850 | D:10     | Acquired a +6 vorpal hunting sling
 14912 | D:10     | Reached skill level 5 in Throwing
 14928 | D:10     | Found a staircase to the Lair.
 14951 | D:10     | Received a gift from Okawaru
 15150 | D:10     | Noticed Joseph
 15163 | D:10     | Killed Joseph
 15716 | D:11     | Reached skill level 5 in Staves
 15785 | D:11     | Reached ***** piety under Okawaru
 15819 | D:11     | Noticed a two-headed ogre
 15840 | D:11     | Killed a two-headed ogre
 15840 | D:11     | Identified the +0 pair of gloves "Goky" {rF+} (Okawaru
                  | gifted it to you on level 11 of the Dungeon)
 15840 | D:11     | Received a gift from Okawaru
 15932 | D:11     | Noticed an eight-headed hydra
 16028 | D:11     | Identified the +1 robe "Dueqoiso" {rElec rPois rF- Dex-2}
 16045 | D:11     | Killed a ten-headed hydra
 16609 | D:11     | Found Aleiheif's Weapon Shop.
 16794 | D:12     | Noticed Rupert
 16926 | D:12     | Found a staircase to the Orcish Mines.
 16971 | D:12     | Identified the +4 scale mail of the Worm {rN+}
 16997 | D:11     | Reached XP level 13. HP: 49/96 MP: 13/13
 17088 | D:11     | Was forgiven by Kikubaaqudgha
 17276 | D:12     | Mangled by Rupert

Illustrated notes

Levels and vault maps discovered:
D:1:      lightli_iron_boxes, layout_loops_cross,
          chequers_ecumenical_altar_island
D:2:      layout_loops_cross, cheibrodos_gnoll_hut
D:3:      layout_basic, gammafunk_ghost_abyssal_escape, uniq_jessica,
          uniq_natasha
D:4:      cheibrodos_fertilizer, layout_basic, lemuel_tele_altar,
          lightli_temple_of_fire, jmf_multi_god_temple2,
          hangedman_minor_gate_pass, uniq_blork_the_orc, uniq_crazy_yiuf_cottage
D:5:      layout_gridville, grunt_ministairs_1, uniq_duvessa,
          uniq_prince_ribbit1
D:6:      layout_cave_pools, lemuel_coloured_pillars_altar, serial_shops,
          nicolae_shop_waterfront, hangedman_decor_growths,
          minmay_unpleasant_kobolds
D:7:      layout_basic, nicolae_wu_jian_immortal_techniques,
          nicolae_ru_great_annihilating_truth, overflow_temple_1_default,
          lemuel_temple_firewalk_b
D:8:      layout_basic, uniq_maggie
D:9:      cheibrodos_grave_circle, layout_stronghold,
          nicolae_overflow_hidden_temple, enter_bailey_7, hangedman_decor_points
D:10:     layout_loops_ring, erik_lair_island, corner_web_ring, uniq_joseph
D:11:     layout_basic, serial_shops, shop, minmay_alternating_orb
D:12:     layout_cave_pools, zombieorc2_lemuel, minmay_misc_feat_hallway,
          uniq_rupert

Skill      XL: |  1  2  3  4  5  6  7  8  9 10 11 12 |
---------------+-------------------------------------+-----
Slings         | 5 6 7 9 10 11 12 13 | 13.4
Stealth        | 3 4 5 |  5.0
Fighting       | 3 5 6 7 |  7.2
Evocations     | 2 5 6 9 |  9.5
Armour         | 2 5 |  5.0
Dodging        | 2 5 |  5.0
Throwing       | 4 7 |  7.7
Staves         | 4 7 |  7.2

Action                   |  1- 3 |  4- 6 |  7- 9 | 10-12 | 13-15 || total
-------------------------+-------+-------+-------+-------+-------++-------
Melee: Hunting sling     |    11 |       |     2 |       |       ||    13
       Lajatang          |       |       |       |   322 |    13 ||   335
       Whip              |       |       |       |    47 |       ||    47
       Trident           |       |       |       |    28 |       ||    28
 Fire: Hunting sling     |    78 |   145 |   417 |   459 |    26 ||  1125
Throw: Dart              |     5 |    10 |    91 |   119 |       ||   225
       Boomerang         |       |       |       |    47 |       ||    47
 Abil: Dig               |     1 |       |       |    11 |       ||    12
Evoke: Wand              |       |       |     3 |    15 |       ||    18
  Use: Scroll            |       |     2 |    10 |    10 |       ||    22
       Potion            |       |       |       |     6 |     2 ||     8
 Stab: Paralysed         |       |       |       |     3 |       ||     3
       Distracted        |       |       |       |     2 |     1 ||     3
       Sleeping          |       |       |       |     2 |       ||     2
Armor: Leather armour    |    24 |    19 |    70 |   456 |     4 ||   573
Dodge: Dodged            |    52 |    30 |    78 |   581 |     6 ||   747
Block: Other             |       |       |       |    98 |       ||    98
       Reflection        |       |       |       |     2 |       ||     2
       Kite shield       |       |       |       |    10 |     7 ||    17

Table legend: (Time is in decaauts)
 A = Elapsed time spent in this place.
 B = Non-inter-level travel time spent in this place.
 C = Inter-level travel time spent in this place.
 D = Time resting spent in this place.
 E = Time spent auto-exploring this place.
 F = Levels seen in this place.
 G = Mean time per level.
                   A        B        C        D        E       F      G
               +--------+--------+--------+--------+--------+-----+--------+
         Total |  16996 |  16342 |    654 |   3096 |   9948 |  13 | 1307.4 |
       Dungeon |  16595 |  15941 |    654 |   2989 |   9793 |  12 | 1382.9 |
        Bailey |    401 |    401 |      0 |    107 |    155 |   1 |  401.0 |
               +--------+--------+--------+--------+--------+-----+--------+

Top non-repeatable levels by time:
     D:9: 2405 daAuts
     D:7: 2115 daAuts
     D:4: 2077 daAuts
     D:8: 1868 daAuts
    D:10: 1253 daAuts
    D:11: 1225 daAuts
     D:3: 1218 daAuts
     D:5: 1200 daAuts
     D:1: 1142 daAuts
     D:6: 1046 daAuts
     D:2: 687 daAuts
  Bailey: 401 daAuts
    D:12: 354 daAuts
